Connexion

Rocket vs IceHogs

Created - 16 décembre 2023 at 05:59

Goals
1 2 3 T
Rocket 0 2 0 2
IceHogs 2 0 2 4
Shots
1 2 3 T
Rocket 14 11 11 36
IceHogs 11 9 7 27

GoalsPenalties
1st period
1. IceHogs , Brendan Gaunce 12 (Andrew Sturtz 9, Cameron Gaunce 33) at 7:02
2. IceHogs , Colton Sceviour 17 (Andrew Sturtz 10, Brendan Gaunce 15) at 15:13
Andrei Mironov (LAV) for Tripping (Minor) at 3:07
Erik Cernak (RCK) for Tripping (Minor) at 12:58
Philippe Myers (LAV) for Delaying the game (Minor) at 15:20
Cedric Paquette (RCK) for Interference (Minor) at 18:34
2nd period
3. Rocket , Rinat Valiev 6 (Kale Clague 27, Jonah Gadjovich 20) at 6:35 (PP)
4. Rocket , Jonah Gadjovich 17 (Sampo Ranta 25, Mitchell Stephens 32) at 8:23
Cedric Paquette (RCK) for Holding (Minor) at 5:54
Philippe Myers (LAV) for Delaying the game (Minor) at 11:11
3rd period
5. IceHogs , William Carrier 12 (Riley Sheahan 29, Dennis Cholowski 23) at 4:06 (PP)
6. IceHogs , Erik Cernak 18 (William Carrier 11, Riley Sheahan 30) at 8:12 (PP)
Vladislav Kamenev (LAV) for Roughing (Minor) at 3:35
Lucas Johansen (LAV) for High sticking (Minor) at 7:52
Riley Sheahan (RCK) for Tripping (Minor) at 18:56
Goalie Stats
James Reimer (LAV), 23 saves from 27 shots - (0,852), L, 14-17-4, 60:00 minutes
Christopher Gibson (RCK), 34 saves from 36 shots - (0,944), W, 26-12-1, 60:00 minutes
3 StarsOfficial
1 - Brendan Gaunce (RCK)
2 - Colton Sceviour (RCK)
3 - William Carrier (RCK)
Referees : Dave Jackson and Kyle Rehman
Linesman : Scott Driscoll and Steve Barton
Game Note
No Game Note
Finance
Level 1 -- Attendance: 1914 (95,70%) -- Ticket Income $66,990
Level 2 -- Attendance: 1000 (100,00%) -- Ticket Income $15,000
Total Attendance: 2914 (97,13%)
Total Ticket Income: $81,990
Other Income: $16,398
Total Income: $98,388



Team Name Goals Shots Shots Attemp Shots Blocked PIM HIT PP PK FO%
Rocket 23669910221 / 4 (25%)251%
IceHogs 4275558252 / 5 (40%)149%

Rocket
Player Name POS G A P +/- PIM HIT SHT SB MP PP MP PP SHT PK MP PK SHT FO% FOT
Andrei MironovD000-2210014:140:1300:1400% 0
Brian PinhoC000000000:190:1300:0000% 0
Evan BarrattC/LW000-1013017:460:0001:1600% 0
Joel L'EsperanceC000001102:490:0000:00020% 5
Jonah GadjovichLW1120046019:361:4812:13067% 6
Kale ClagueD0111000121:341:5103:3600% 0
Luc SnuggerudD000-2001016:010:1302:0000% 0
Lucas JohansenD0000211024:243:3813:1200% 0
Matt LuffRW0000032018:103:4101:5300% 1
Michael Dal ColleLW0000027020:523:4114:350100% 2
Mitchell StephensC0110015017:541:4810:31048% 25
Nolan StevensC/LW000-1011016:430:1300:00059% 22
Philippe MyersD0000431222:093:3810:5800% 0
Rinat ValievD1011012621:341:5113:3600% 0
Sampo RantaLW/RW0110001017:231:4800:0000% 0
Samuel BlaisLW/RW000-1012016:300:0000:00050% 2
Spencer WatsonRW000000003:020:1300:0000% 0
Vladislav KamenevC0000223022:073:4103:08046% 24
IceHogs
Player Name POS G A P +/- PIM HIT SHT SB MP PP MP PP SHT PK MP PK SHT FO% FOT
Andrew SturtzRW0222001014:440:0000:0000% 1
Brandon GignacC000000000:010:0000:0000% 0
Brendan GaunceC/LW1122021014:440:0000:00060% 15
Cameron Gaunce D0110020124:513:1303:0000% 0
Cedric PaquetteC/LW0000432020:333:1401:090100% 2
Charles HudonLW/RW000-1040018:253:3400:000100% 2
Colton SceviourC/LW/RW1012021016:080:0001:24050% 4
Danny O'ReganC/RW0000002023:133:1403:4700% 0
Dennis CholowskiD0110014220:283:0332:2600% 0
Erik CernakD1011242024:423:4512:0400% 0
Frederic AllardD0000011120:303:0312:2800% 0
Jack DoughertyD0000013114:490:0001:1200% 0
Jean-Sébastien DeaC/RW0000003023:593:1402:51144% 39
Mark AltD0001020014:390:3200:1400% 0
Mikhail VorobyovC000000202:170:0000:34050% 2
Riley SheahanC022-1203018:243:3420:00045% 20
William CarrierLW/RW112-1032020:043:3421:39050% 2
Zack O'BrienC/RW000000001:430:0000:0000% 0



Play-by-Play

1st period


0:01 of 1st period - Jean-Sébastien Dea wins face-off versus Vladislav Kamenev in neutral zone.
0:03 of 1st period - Cameron Gaunce is hit by Matt Luff and loses puck.
0:07 of 1st period - Danny O'Regan is hit by Michael Dal Colle and loses puck.
1:12 of 1st period - Shot by Sampo Ranta.
1:12 of 1st period - Shot Misses the Net.
1:14 of 1st period - Shot by Mitchell Stephens.
1:14 of 1st period - Stopped by Christopher Gibson without a rebound.
1:15 of 1st period - Samuel Blais wins face-off versus Colton Sceviour in IceHogs zone.
1:34 of 1st period - Shot by Andrew Sturtz.
1:34 of 1st period - Shot Misses the Net.
1:36 of 1st period - Shot by Jack Dougherty.
1:36 of 1st period - Stopped by James Reimer without a rebound.
1:37 of 1st period - Riley Sheahan wins face-off versus Joel L'Esperance in Rocket zone.
1:44 of 1st period - Philippe Myers is hit by William Carrier.
1:52 of 1st period - Shot by Riley Sheahan.
1:52 of 1st period - Shot Misses the Net.
1:54 of 1st period - Shot by Riley Sheahan.
1:54 of 1st period - Stopped by James Reimer with a rebound.
1:56 of 1st period - Shot by Riley Sheahan.
1:56 of 1st period - Shot Blocked by Philippe Myers.
2:54 of 1st period - Shot by Mikhail Vorobyov.
2:54 of 1st period - Stopped by James Reimer without a rebound.
2:55 of 1st period - Brendan Gaunce wins face-off versus Nolan Stevens in Rocket zone.
2:56 of 1st period - Shot by Andrew Sturtz.
2:56 of 1st period - Shot Misses the Net.
2:58 of 1st period - Shot by Jack Dougherty.
2:58 of 1st period - Stopped by James Reimer without a rebound.
2:59 of 1st period - Nolan Stevens wins face-off versus Jean-Sébastien Dea in Rocket zone.
2:59 of 1st period - Nolan Stevens is hit by Cedric Paquette.
3:05 of 1st period - Luc Snuggerud is hit by Cedric Paquette and loses puck.
3:07 of 1st period - Minor Penalty to Andrei Mironov for Tripping.
3:08 of 1st period - Jean-Sébastien Dea wins face-off versus Vladislav Kamenev in Rocket zone.
4:04 of 1st period - Icing by Frederic Allard.
4:05 of 1st period - Jonah Gadjovich wins face-off versus Riley Sheahan in IceHogs zone.
5:08 of 1st period - Shot by Jean-Sébastien Dea.
5:08 of 1st period - Stopped by James Reimer without a rebound.
5:09 of 1st period - Mitchell Stephens wins face-off versus Brendan Gaunce in Rocket zone.
5:09 of 1st period - Mitchell Stephens is hit by Colton Sceviour.
5:22 of 1st period - Shot by Jack Dougherty.
5:22 of 1st period - Stopped by James Reimer with a rebound.
5:30 of 1st period - Shot by Sampo Ranta.
5:30 of 1st period - Shot Misses the Net.
5:36 of 1st period - Shot by Mitchell Stephens.
5:36 of 1st period - Stopped by Christopher Gibson without a rebound.
5:37 of 1st period - Nolan Stevens wins face-off versus Mikhail Vorobyov in IceHogs zone.
5:46 of 1st period - Shot by Nolan Stevens.
5:46 of 1st period - Shot Misses the Net.
5:48 of 1st period - Shot by Evan Barratt.
5:48 of 1st period - Shot Misses the Net.
5:50 of 1st period - Shot by Samuel Blais.
5:50 of 1st period - Stopped by Christopher Gibson without a rebound.
5:51 of 1st period - Riley Sheahan wins face-off versus Joel L'Esperance in IceHogs zone.
5:51 of 1st period - Riley Sheahan is hit by Vladislav Kamenev.
6:18 of 1st period - Spencer Watson is hit by Dennis Cholowski and loses puck.
6:29 of 1st period - Shot by Joel L'Esperance.
6:29 of 1st period - Stopped by Christopher Gibson without a rebound.
6:30 of 1st period - Nolan Stevens wins face-off versus Jean-Sébastien Dea in IceHogs zone.
6:30 of 1st period - Nolan Stevens is hit by Erik Cernak.
6:36 of 1st period - Shot by Evan Barratt.
6:36 of 1st period - Stopped by Christopher Gibson with a rebound.
6:38 of 1st period - Shot by Evan Barratt.
6:38 of 1st period - Shot Misses the Net.
6:40 of 1st period - Shot by Rinat Valiev.
6:40 of 1st period - Stopped by Christopher Gibson without a rebound.
6:41 of 1st period - Brendan Gaunce wins face-off versus Mitchell Stephens in IceHogs zone.
7:02 of 1st period - Shot by Brendan Gaunce.
7:02 of 1st period - Goal by Brendan Gaunce - Rocket : 0 - IceHogs : 1.
7:03 of 1st period - Vladislav Kamenev wins face-off versus Jean-Sébastien Dea in neutral zone.
7:31 of 1st period - Shot by Matt Luff.
7:31 of 1st period - Shot Misses the Net.
7:33 of 1st period - Shot by Michael Dal Colle.
7:33 of 1st period - Deflect By Matt Luff.
7:33 of 1st period - Shot Misses the Net.
7:35 of 1st period - Shot by Michael Dal Colle.
7:35 of 1st period - Stopped by Christopher Gibson without a rebound.
7:36 of 1st period - Brendan Gaunce wins face-off versus Nolan Stevens in IceHogs zone.
7:52 of 1st period - Brendan Gaunce is hit by Philippe Myers and loses puck.
8:47 of 1st period - Icing by Lucas Johansen.
8:48 of 1st period - Nolan Stevens wins face-off versus Jean-Sébastien Dea in Rocket zone.
9:05 of 1st period - Shot by Michael Dal Colle.
9:05 of 1st period - Stopped by Christopher Gibson with a rebound.
9:07 of 1st period - Shot by Michael Dal Colle.
9:07 of 1st period - Stopped by Christopher Gibson without a rebound.
9:08 of 1st period - Charles Hudon wins face-off versus Mitchell Stephens in IceHogs zone.
9:10 of 1st period - Icing by Riley Sheahan.
9:11 of 1st period - Riley Sheahan wins face-off versus Vladislav Kamenev in IceHogs zone.
9:36 of 1st period - Shot by Michael Dal Colle.
9:36 of 1st period - Stopped by Christopher Gibson without a rebound.
9:37 of 1st period - Jean-Sébastien Dea wins face-off versus Mitchell Stephens in IceHogs zone.
9:37 of 1st period - Jean-Sébastien Dea is hit by Jonah Gadjovich.
9:42 of 1st period - Cameron Gaunce is hit by Jonah Gadjovich and loses puck.
9:46 of 1st period - Erik Cernak is hit by Andrei Mironov and loses puck.
10:29 of 1st period - Luc Snuggerud is hit by Mark Alt.
10:47 of 1st period - Shot by Matt Luff.
10:47 of 1st period - Stopped by Christopher Gibson without a rebound.
10:48 of 1st period - Nolan Stevens wins face-off versus Brendan Gaunce in IceHogs zone.
11:19 of 1st period - Shot by Evan Barratt.
11:19 of 1st period - Shot Blocked by Dennis Cholowski.
11:21 of 1st period - Shot by Lucas Johansen.
11:21 of 1st period - Deflect By Nolan Stevens.
11:21 of 1st period - Stopped by Christopher Gibson with a rebound.
11:23 of 1st period - Shot by Philippe Myers.
11:23 of 1st period - Shot Misses the Net.
11:39 of 1st period - Shot by Michael Dal Colle.
11:39 of 1st period - Shot Blocked by Dennis Cholowski.
12:29 of 1st period - Mitchell Stephens is hit by Erik Cernak and loses puck.
12:57 of 1st period - Icing by Cedric Paquette.
12:58 of 1st period - Nolan Stevens wins face-off versus Jean-Sébastien Dea in IceHogs zone.
12:58 of 1st period - Minor Penalty to Erik Cernak for Tripping.
12:59 of 1st period - Jean-Sébastien Dea wins face-off versus Vladislav Kamenev in IceHogs zone.
13:57 of 1st period - Icing by Rinat Valiev.
13:58 of 1st period - Cedric Paquette wins face-off versus Mitchell Stephens in Rocket zone.
15:04 of 1st period - Andrei Mironov is hit by Colton Sceviour and loses puck.
15:13 of 1st period - Shot by Colton Sceviour.
15:13 of 1st period - Goal by Colton Sceviour - Rocket : 0 - IceHogs : 2.
15:14 of 1st period - Charles Hudon wins face-off versus Nolan Stevens in neutral zone.
15:20 of 1st period - Minor Penalty to Philippe Myers for Delaying the game.
15:21 of 1st period - Vladislav Kamenev wins face-off versus Riley Sheahan in Rocket zone.
15:21 of 1st period - Vladislav Kamenev is hit by Charles Hudon.
16:15 of 1st period - Shot by Frederic Allard.
16:15 of 1st period - Stopped by James Reimer with a rebound.
16:17 of 1st period - Shot by Dennis Cholowski.
16:17 of 1st period - Shot Blocked by Rinat Valiev.
16:19 of 1st period - Shot by Jean-Sébastien Dea.
16:19 of 1st period - Shot Blocked by Rinat Valiev.
16:21 of 1st period - Shot by Danny O'Regan.
16:21 of 1st period - Shot Misses the Net.
16:23 of 1st period - Shot by Dennis Cholowski.
16:23 of 1st period - Shot Blocked by Rinat Valiev.
16:29 of 1st period - Shot by Cedric Paquette.
16:29 of 1st period - Shot Blocked by Kale Clague.
16:43 of 1st period - Shot by Dennis Cholowski.
16:43 of 1st period - Stopped by James Reimer with a rebound.
17:29 of 1st period - Shot by Brendan Gaunce.
17:29 of 1st period - Shot Misses the Net.
17:51 of 1st period - Shot by Andrew Sturtz.
17:51 of 1st period - Stopped by James Reimer with a rebound.
17:53 of 1st period - Shot by Brendan Gaunce.
17:53 of 1st period - Shot Hit the Post.
18:34 of 1st period - Minor Penalty to Cedric Paquette for Interference.
18:35 of 1st period - Colton Sceviour wins face-off versus Mitchell Stephens in IceHogs zone.
18:45 of 1st period - Shot by Lucas Johansen.
18:45 of 1st period - Shot Misses the Net.
18:47 of 1st period - Shot by Mitchell Stephens.
18:47 of 1st period - Deflect By Jonah Gadjovich.
18:47 of 1st period - Stopped by Christopher Gibson without a rebound.
18:48 of 1st period - Vladislav Kamenev wins face-off versus Jean-Sébastien Dea in IceHogs zone.
19:19 of 1st period - Shot by Kale Clague.
19:19 of 1st period - Shot Misses the Net.
19:23 of 1st period - Shot by Matt Luff.
19:23 of 1st period - Shot Blocked by Frederic Allard.
19:43 of 1st period - Shot by Sampo Ranta.
19:43 of 1st period - Shot Misses the Net.
19:45 of 1st period - Shot by Lucas Johansen.
19:45 of 1st period - Deflect By Mitchell Stephens.
19:45 of 1st period - Shot Misses the Net.
19:47 of 1st period - Shot by Lucas Johansen.
19:47 of 1st period - Shot Misses the Net.
19:49 of 1st period - Shot by Mitchell Stephens.
19:49 of 1st period - Deflect By Sampo Ranta.
19:49 of 1st period - Shot Misses the Net.
19:55 of 1st period - Shot by Mitchell Stephens.
19:55 of 1st period - Stopped by Christopher Gibson without a rebound.
19:56 of 1st period - Mitchell Stephens wins face-off versus Jean-Sébastien Dea in IceHogs zone.
Goals for this period are 0 for Rocket vs 2 for IceHogs.
Shots for this period are 14 for Rocket vs 11 for IceHogs.

2nd period


0:01 of 2nd period - Vladislav Kamenev wins face-off versus Jean-Sébastien Dea in neutral zone.
0:06 of 2nd period - Shot by Michael Dal Colle.
0:06 of 2nd period - Stopped by Christopher Gibson without a rebound.
0:07 of 2nd period - Jean-Sébastien Dea wins face-off versus Vladislav Kamenev in IceHogs zone.
0:16 of 2nd period - Shot by Vladislav Kamenev.
0:16 of 2nd period - Shot Misses the Net.
0:39 of 2nd period - Icing by Riley Sheahan.
0:40 of 2nd period - Mitchell Stephens wins face-off versus Riley Sheahan in IceHogs zone.
0:42 of 2nd period - Sampo Ranta is hit by Mark Alt and loses puck.
1:06 of 2nd period - Icing by Rinat Valiev.
1:07 of 2nd period - Jean-Sébastien Dea wins face-off versus Mitchell Stephens in Rocket zone.
1:43 of 2nd period - Shot by Michael Dal Colle.
1:43 of 2nd period - Deflect By Vladislav Kamenev.
1:43 of 2nd period - Stopped by Christopher Gibson with a rebound.
1:45 of 2nd period - Shot by Philippe Myers.
1:45 of 2nd period - Shot Misses the Net.
1:47 of 2nd period - Shot by Vladislav Kamenev.
1:47 of 2nd period - Stopped by Christopher Gibson without a rebound.
1:48 of 2nd period - Riley Sheahan wins face-off versus Nolan Stevens in IceHogs zone.
1:48 of 2nd period - Riley Sheahan is hit by Samuel Blais.
2:19 of 2nd period - Shot by Evan Barratt.
2:19 of 2nd period - Shot Misses the Net.
2:35 of 2nd period - Evan Barratt is hit by William Carrier and loses puck.
3:17 of 2nd period - Icing by Mark Alt.
3:18 of 2nd period - Brendan Gaunce wins face-off versus Mitchell Stephens in IceHogs zone.
3:25 of 2nd period - Icing by Rinat Valiev.
3:26 of 2nd period - Jean-Sébastien Dea wins face-off versus Mitchell Stephens in Rocket zone.
3:57 of 2nd period - Kale Clague is hit by Erik Cernak and loses puck.
4:48 of 2nd period - Shot by Michael Dal Colle.
4:48 of 2nd period - Stopped by Christopher Gibson without a rebound.
4:49 of 2nd period - Brendan Gaunce wins face-off versus Nolan Stevens in IceHogs zone.
5:03 of 2nd period - Icing by Samuel Blais.
5:04 of 2nd period - Mikhail Vorobyov wins face-off versus Nolan Stevens in Rocket zone.
5:07 of 2nd period - Shot by Jean-Sébastien Dea.
5:07 of 2nd period - Shot Misses the Net.
5:09 of 2nd period - Shot by Erik Cernak.
5:09 of 2nd period - Stopped by James Reimer with a rebound.
5:11 of 2nd period - Shot by Zack O'Brien.
5:11 of 2nd period - Deflect By Mikhail Vorobyov.
5:11 of 2nd period - Stopped by James Reimer without a rebound.
5:12 of 2nd period - Brendan Gaunce wins face-off versus Vladislav Kamenev in Rocket zone.
5:29 of 2nd period - Shot by Michael Dal Colle.
5:29 of 2nd period - Deflect By Vladislav Kamenev.
5:29 of 2nd period - Stopped by Christopher Gibson without a rebound.
5:30 of 2nd period - Jean-Sébastien Dea wins face-off versus Mitchell Stephens in IceHogs zone.
5:54 of 2nd period - Minor Penalty to Cedric Paquette for Holding.
5:55 of 2nd period - Vladislav Kamenev wins face-off versus Jean-Sébastien Dea in IceHogs zone.
5:58 of 2nd period - Shot by Lucas Johansen.
5:58 of 2nd period - Shot Misses the Net.
6:21 of 2nd period - Icing by Michael Dal Colle.
6:22 of 2nd period - Jean-Sébastien Dea wins face-off versus Vladislav Kamenev in Rocket zone.
6:27 of 2nd period - Shot by Jean-Sébastien Dea.
6:27 of 2nd period - Stopped by James Reimer without a rebound.
6:28 of 2nd period - Mitchell Stephens wins face-off versus Jean-Sébastien Dea in Rocket zone.
6:33 of 2nd period - Shot by Kale Clague.
6:33 of 2nd period - Shot Misses the Net.
6:35 of 2nd period - Shot by Rinat Valiev.
6:35 of 2nd period - Goal by Rinat Valiev - Rocket : 1 - IceHogs : 2.
6:36 of 2nd period - William Carrier wins face-off versus Mitchell Stephens in neutral zone.
6:49 of 2nd period - Shot by Mitchell Stephens.
6:49 of 2nd period - Shot Misses the Net.
6:51 of 2nd period - Shot by Jonah Gadjovich.
6:51 of 2nd period - Stopped by Christopher Gibson without a rebound.
6:52 of 2nd period - Vladislav Kamenev wins face-off versus Jean-Sébastien Dea in IceHogs zone.
7:45 of 2nd period - Icing by Lucas Johansen.
7:46 of 2nd period - Vladislav Kamenev wins face-off versus Riley Sheahan in Rocket zone.
7:46 of 2nd period - Vladislav Kamenev is hit by Charles Hudon.
8:17 of 2nd period - Shot by Mitchell Stephens.
8:17 of 2nd period - Shot Misses the Net.
8:19 of 2nd period - Shot by Mitchell Stephens.
8:19 of 2nd period - Shot Misses the Net.
8:21 of 2nd period - Shot by Sampo Ranta.
8:21 of 2nd period - Deflect By Jonah Gadjovich.
8:21 of 2nd period - Stopped by Christopher Gibson with a rebound.
8:23 of 2nd period - Shot by Jonah Gadjovich.
8:23 of 2nd period - Goal by Jonah Gadjovich - Rocket : 2 - IceHogs : 2.
8:24 of 2nd period - Brendan Gaunce wins face-off versus Nolan Stevens in neutral zone.
9:22 of 2nd period - Shot by Jean-Sébastien Dea.
9:22 of 2nd period - Shot Misses the Net.
9:24 of 2nd period - Shot by Cedric Paquette.
9:24 of 2nd period - Shot Misses the Net.
9:26 of 2nd period - Shot by Jean-Sébastien Dea.
9:26 of 2nd period - Shot Misses the Net.
9:28 of 2nd period - Shot by Danny O'Regan.
9:28 of 2nd period - Stopped by James Reimer without a rebound.
9:29 of 2nd period - Riley Sheahan wins face-off versus Joel L'Esperance in Rocket zone.
9:37 of 2nd period - Off-side.
9:38 of 2nd period - Mitchell Stephens wins face-off versus Jean-Sébastien Dea in neutral zone.
10:10 of 2nd period - Shot by Cedric Paquette.
10:10 of 2nd period - Shot Misses the Net.
10:18 of 2nd period - Shot by Jean-Sébastien Dea.
10:18 of 2nd period - Stopped by James Reimer without a rebound.
10:19 of 2nd period - Riley Sheahan wins face-off versus Vladislav Kamenev in Rocket zone.
10:20 of 2nd period - Shot by Dennis Cholowski.
10:20 of 2nd period - Stopped by James Reimer without a rebound.
10:21 of 2nd period - Vladislav Kamenev wins face-off versus Riley Sheahan in Rocket zone.
10:21 of 2nd period - Vladislav Kamenev is hit by Charles Hudon.
10:34 of 2nd period - Off-side.
10:35 of 2nd period - Brendan Gaunce wins face-off versus Nolan Stevens in neutral zone.
10:35 of 2nd period - Brendan Gaunce is hit by Nolan Stevens.
11:01 of 2nd period - Shot by Evan Barratt.
11:01 of 2nd period - Stopped by Christopher Gibson without a rebound.
11:02 of 2nd period - Jean-Sébastien Dea wins face-off versus Vladislav Kamenev in IceHogs zone.
11:11 of 2nd period - Minor Penalty to Philippe Myers for Delaying the game.
11:12 of 2nd period - Vladislav Kamenev wins face-off versus Jean-Sébastien Dea in Rocket zone.
11:45 of 2nd period - Shot by Cedric Paquette.
11:45 of 2nd period - Shot Misses the Net.
11:47 of 2nd period - Shot by Cameron Gaunce .
11:47 of 2nd period - Shot Blocked by Rinat Valiev.
12:07 of 2nd period - Shot by Frederic Allard.
12:07 of 2nd period - Shot Misses the Net.
12:09 of 2nd period - Shot by Frederic Allard.
12:09 of 2nd period - Deflect By William Carrier.
12:09 of 2nd period - Shot Misses the Net.
12:11 of 2nd period - Shot by William Carrier.
12:11 of 2nd period - Stopped by James Reimer without a rebound.
12:12 of 2nd period - Riley Sheahan wins face-off versus Jonah Gadjovich in Rocket zone.
12:12 of 2nd period - Riley Sheahan is hit by Lucas Johansen.
12:26 of 2nd period - Shot by Dennis Cholowski.
12:26 of 2nd period - Stopped by James Reimer without a rebound.
12:27 of 2nd period - Jonah Gadjovich wins face-off versus Riley Sheahan in Rocket zone.
12:38 of 2nd period - Shot by Charles Hudon.
12:38 of 2nd period - Deflect By Riley Sheahan.
12:38 of 2nd period - Stopped by James Reimer without a rebound.
12:39 of 2nd period - Jonah Gadjovich wins face-off versus Jean-Sébastien Dea in Rocket zone.
14:15 of 2nd period - Icing by Lucas Johansen.
14:16 of 2nd period - Nolan Stevens wins face-off versus Riley Sheahan in Rocket zone.
15:08 of 2nd period - Icing by Samuel Blais.
15:09 of 2nd period - Nolan Stevens wins face-off versus Jean-Sébastien Dea in Rocket zone.
15:27 of 2nd period - Shot by Danny O'Regan.
15:27 of 2nd period - Shot Blocked by Philippe Myers.
15:59 of 2nd period - Icing by Lucas Johansen.
16:00 of 2nd period - Nolan Stevens wins face-off versus Brendan Gaunce in Rocket zone.
16:59 of 2nd period - Off-side.
17:00 of 2nd period - Mitchell Stephens wins face-off versus Riley Sheahan in neutral zone.
17:04 of 2nd period - Icing by Riley Sheahan.
17:05 of 2nd period - Riley Sheahan wins face-off versus Mitchell Stephens in IceHogs zone.
17:05 of 2nd period - Riley Sheahan is hit by Jonah Gadjovich.
17:55 of 2nd period - Danny O'Regan is hit by Jonah Gadjovich and loses puck.
18:51 of 2nd period - Icing by Jean-Sébastien Dea.
18:52 of 2nd period - Cedric Paquette wins face-off versus Nolan Stevens in IceHogs zone.
18:57 of 2nd period - Shot by Samuel Blais.
18:57 of 2nd period - Stopped by Christopher Gibson without a rebound.
18:58 of 2nd period - Nolan Stevens wins face-off versus William Carrier in IceHogs zone.
18:58 of 2nd period - Samuel Blais is hit by Cameron Gaunce and loses puck.
19:12 of 2nd period - Shot by William Carrier.
19:12 of 2nd period - Deflect By Riley Sheahan.
19:12 of 2nd period - Shot Misses the Net.
Goals for this period are 2 for Rocket vs 0 for IceHogs.
Shots for this period are 11 for Rocket vs 9 for IceHogs.

3rd period


0:01 of 3rd period - Vladislav Kamenev wins face-off versus Jean-Sébastien Dea in neutral zone.
0:36 of 3rd period - Shot by Vladislav Kamenev.
0:36 of 3rd period - Shot Misses the Net.
1:35 of 3rd period - Shot by Jonah Gadjovich.
1:35 of 3rd period - Stopped by Christopher Gibson without a rebound.
1:36 of 3rd period - Brendan Gaunce wins face-off versus Samuel Blais in IceHogs zone.
2:00 of 3rd period - Shot by Evan Barratt.
2:00 of 3rd period - Stopped by Christopher Gibson without a rebound.
2:01 of 3rd period - Jean-Sébastien Dea wins face-off versus Mitchell Stephens in IceHogs zone.
2:22 of 3rd period - Shot by Jean-Sébastien Dea.
2:22 of 3rd period - Deflect By Cedric Paquette.
2:22 of 3rd period - Stopped by James Reimer without a rebound.
2:23 of 3rd period - Nolan Stevens wins face-off versus Brendan Gaunce in Rocket zone.
2:23 of 3rd period - Samuel Blais is hit by Brendan Gaunce and loses puck.
2:38 of 3rd period - Shot by Nolan Stevens.
2:38 of 3rd period - Shot Misses the Net.
2:40 of 3rd period - Shot by Evan Barratt.
2:40 of 3rd period - Shot Blocked by Jack Dougherty.
2:42 of 3rd period - Shot by Andrei Mironov.
2:42 of 3rd period - Shot Misses the Net.
2:44 of 3rd period - Shot by Nolan Stevens.
2:44 of 3rd period - Shot Misses the Net.
3:33 of 3rd period - Jean-Sébastien Dea is hit by Matt Luff and loses puck.
3:35 of 3rd period - Minor Penalty to Vladislav Kamenev for Roughing.
3:36 of 3rd period - Michael Dal Colle wins face-off versus Riley Sheahan in Rocket zone.
3:36 of 3rd period - Michael Dal Colle is hit by Charles Hudon.
3:58 of 3rd period - Shot by Dennis Cholowski.
3:58 of 3rd period - Stopped by James Reimer with a rebound.
4:00 of 3rd period - Shot by Dennis Cholowski.
4:00 of 3rd period - Shot Blocked by Rinat Valiev.
4:02 of 3rd period - Shot by Riley Sheahan.
4:02 of 3rd period - Shot Blocked by Rinat Valiev.
4:04 of 3rd period - Shot by Riley Sheahan.
4:04 of 3rd period - Stopped by James Reimer with a rebound.
4:06 of 3rd period - Shot by William Carrier.
4:06 of 3rd period - Goal by William Carrier - Rocket : 2 - IceHogs : 3.
4:07 of 3rd period - Joel L'Esperance wins face-off versus Jean-Sébastien Dea in neutral zone.
4:22 of 3rd period - Shot by Jean-Sébastien Dea.
4:22 of 3rd period - Shot Misses the Net.
4:28 of 3rd period - Shot by Danny O'Regan.
4:28 of 3rd period - Stopped by James Reimer without a rebound.
4:29 of 3rd period - Mitchell Stephens wins face-off versus Brendan Gaunce in Rocket zone.
4:55 of 3rd period - Shot by Mitchell Stephens.
4:55 of 3rd period - Stopped by Christopher Gibson without a rebound.
4:56 of 3rd period - Jean-Sébastien Dea wins face-off versus Vladislav Kamenev in IceHogs zone.
4:56 of 3rd period - Jean-Sébastien Dea is hit by Michael Dal Colle.
5:13 of 3rd period - Off-side.
5:14 of 3rd period - Nolan Stevens wins face-off versus Riley Sheahan in neutral zone.
5:17 of 3rd period - Riley Sheahan is hit by Evan Barratt.
6:14 of 3rd period - Icing by Jean-Sébastien Dea.
6:15 of 3rd period - Jean-Sébastien Dea wins face-off versus Matt Luff in IceHogs zone.
6:23 of 3rd period - Icing by Jean-Sébastien Dea.
6:24 of 3rd period - Michael Dal Colle wins face-off versus Jean-Sébastien Dea in IceHogs zone.
6:29 of 3rd period - Shot by Matt Luff.
6:29 of 3rd period - Stopped by Christopher Gibson without a rebound.
6:30 of 3rd period - Colton Sceviour wins face-off versus Vladislav Kamenev in IceHogs zone.
6:37 of 3rd period - Lucas Johansen is hit by Brendan Gaunce and loses puck.
6:55 of 3rd period - Brendan Gaunce is hit by Philippe Myers and loses puck.
7:24 of 3rd period - Philippe Myers is hit by Cedric Paquette and loses puck.
7:32 of 3rd period - Cedric Paquette is hit by Philippe Myers and loses puck.
7:52 of 3rd period - Minor Penalty to Lucas Johansen for High sticking.
7:53 of 3rd period - Jonah Gadjovich wins face-off versus Riley Sheahan in Rocket zone.
8:12 of 3rd period - Shot by Erik Cernak.
8:12 of 3rd period - Goal by Erik Cernak - Rocket : 2 - IceHogs : 4.
8:13 of 3rd period - Mitchell Stephens wins face-off versus Brendan Gaunce in neutral zone.
8:28 of 3rd period - Shot by Andrew Sturtz.
8:28 of 3rd period - Shot Misses the Net.
8:38 of 3rd period - Shot by Brendan Gaunce.
8:38 of 3rd period - Shot Misses the Net.
8:40 of 3rd period - Shot by Brendan Gaunce.
8:40 of 3rd period - Shot Misses the Net.
11:59 of 3rd period - Riley Sheahan is hit by Vladislav Kamenev and loses puck.
12:23 of 3rd period - Shot by Mitchell Stephens.
12:23 of 3rd period - Shot Misses the Net.
12:25 of 3rd period - Shot by Andrei Mironov.
12:25 of 3rd period - Deflect By Mitchell Stephens.
12:25 of 3rd period - Stopped by Christopher Gibson with a rebound.
12:27 of 3rd period - Shot by Sampo Ranta.
12:27 of 3rd period - Shot Misses the Net.
12:29 of 3rd period - Shot by Luc Snuggerud.
12:29 of 3rd period - Stopped by Christopher Gibson without a rebound.
12:30 of 3rd period - Mitchell Stephens wins face-off versus Jean-Sébastien Dea in IceHogs zone.
12:37 of 3rd period - Shot by Jonah Gadjovich.
12:37 of 3rd period - Stopped by Christopher Gibson without a rebound.
12:38 of 3rd period - Jean-Sébastien Dea wins face-off versus Joel L'Esperance in IceHogs zone.
12:38 of 3rd period - Jean-Sébastien Dea is hit by Joel L'Esperance.
12:43 of 3rd period - Off-side.
12:44 of 3rd period - Mitchell Stephens wins face-off versus Andrew Sturtz in neutral zone.
13:06 of 3rd period - Andrew Sturtz is hit by Rinat Valiev and loses puck.
13:49 of 3rd period - Off-side.
13:50 of 3rd period - Riley Sheahan wins face-off versus Vladislav Kamenev in neutral zone.
14:23 of 3rd period - Vladislav Kamenev is hit by Jack Dougherty and loses puck.
14:57 of 3rd period - Nolan Stevens is hit by Cameron Gaunce and loses puck.
15:09 of 3rd period - Icing by Cameron Gaunce .
15:10 of 3rd period - Mitchell Stephens wins face-off versus Jean-Sébastien Dea in IceHogs zone.
15:10 of 3rd period - Mitchell Stephens is hit by Erik Cernak.
15:16 of 3rd period - Shot by Sampo Ranta.
15:16 of 3rd period - Stopped by Christopher Gibson with a rebound.
15:32 of 3rd period - Shot by Cedric Paquette.
15:32 of 3rd period - Stopped by James Reimer without a rebound.
15:33 of 3rd period - Nolan Stevens wins face-off versus Colton Sceviour in Rocket zone.
16:05 of 3rd period - Philippe Myers is hit by Frederic Allard and loses puck.
17:00 of 3rd period - Shot by Michael Dal Colle.
17:00 of 3rd period - Shot Blocked by Cameron Gaunce .
17:02 of 3rd period - Shot by Michael Dal Colle.
17:02 of 3rd period - Stopped by Christopher Gibson without a rebound.
17:03 of 3rd period - Jean-Sébastien Dea wins face-off versus Jonah Gadjovich in IceHogs zone.
17:03 of 3rd period - Jean-Sébastien Dea is hit by Mitchell Stephens.
17:06 of 3rd period - Icing by Danny O'Regan.
17:07 of 3rd period - Mitchell Stephens wins face-off versus Jean-Sébastien Dea in IceHogs zone.
17:16 of 3rd period - Icing by Jack Dougherty.
17:17 of 3rd period - Jean-Sébastien Dea wins face-off versus Mitchell Stephens in IceHogs zone.
18:20 of 3rd period - Sampo Ranta is hit by William Carrier and loses puck.
18:56 of 3rd period - Minor Penalty to Riley Sheahan for Tripping.
18:57 of 3rd period - Vladislav Kamenev wins face-off versus Jean-Sébastien Dea in IceHogs zone.
18:58 of 3rd period - Shot by Lucas Johansen.
18:58 of 3rd period - Stopped by Christopher Gibson without a rebound.
18:59 of 3rd period - Jean-Sébastien Dea wins face-off versus Vladislav Kamenev in IceHogs zone.
18:59 of 3rd period - Jean-Sébastien Dea is hit by Matt Luff.
19:18 of 3rd period - Shot by Philippe Myers.
19:18 of 3rd period - Stopped by Christopher Gibson with a rebound.
Goals for this period are 0 for Rocket vs 2 for IceHogs.
Shots for this period are 11 for Rocket vs 7 for IceHogs.